TOP OF THE 1ST |
---|
Nashua Redlegs batting - Pitching for Beaverton Bronze Souls : RHP Ben Hepworth | Pitching: RHP Ben Hepworth | | Batting: RHB Manuel Pérez | 0-0: Called Strike 0-1: Fly out, F9 (Flyball, 9D) | Batting: RHB Spencer Pritchett | 0-0: Ball 1-0: SINGLE (Groundball, 56D) | Batting: RHB Eleuterio Supardo | 0-0: Ball 1-0: Fly out, F9 (Flyball, 9LM) | Batting: LHB Bob Campbell | 0-0: Ball 1-0: Called Strike 1-1: Ball 2-1: Ball 3-1: Foul Ball, location: 2F 3-2: Foul Ball, location: 2F 3-2: SINGLE (Line Drive, 6D) Spencer Pritchett to second Spencer Pritchett to third | Batting: RHB Katsuhito Ohayashi | 0-0: Ball 1-0: Called Strike 1-1: Foul Ball, location: 2F 1-2: Strikes out swinging | Top of the 1st over - 0 runs, 2 hits, 0 errors, 2 left on base; Nashua 0 - Beaverton 0 | BOTTOM OF THE 1ST |
---|
Beaverton Bronze Souls batting - Pitching for Nashua Redlegs : LHP Keith Burns | Pitching: LHP Keith Burns | | Batting: RHB Cameron Irwin | 0-0: Ball 1-0: Called Strike 1-1: Ground out 5-3 (Groundball, 56) | Batting: RHB Pedro Rivera | 0-0: Called Strike 0-1: Swinging Strike 0-2: Ball 1-2: Ball 2-2: Ball 3-2: Foul Ball, location: 2F 3-2: Foul Ball, location: 2F 3-2: Foul Ball, location: 2F 3-2: Fly out, F8 (Line Drive, 8RM) | Batting: RHB Chris Hall | 0-0: Called Strike 0-1: Swinging Strike 0-2: Fly out, F8 (Flyball, 8LS) | Bottom of the 1st over - 0 runs, 0 hits, 0 errors, 0 left on base; Nashua 0 - Beaverton 0 | TOP OF THE 2ND |
---|
Nashua Redlegs batting - Pitching for Beaverton Bronze Souls : RHP Ben Hepworth | Batting: RHB Gerald Miller | 0-0: Fly out, F9 (Line Drive, 9S) | Batting: RHB David Adams | 0-0: Called Strike 0-1: Ball 1-1: Foul Ball, location: 2F 1-2: Fly out, F9 (Flyball, 9S) | Batting: RHB Jorge Valenzuela | 0-0: Foul Ball, location: 2F 0-1: Ball 1-1: Fly out, F4 (Popup, 34S) | Top of the 2nd over - 0 runs, 0 hits, 0 errors, 0 left on base; Nashua 0 - Beaverton 0 | BOTTOM OF THE 2ND |
---|
Beaverton Bronze Souls batting - Pitching for Nashua Redlegs : LHP Keith Burns | Batting: RHB Júlio Rodríguez | 0-0: Called Strike 0-1: SOLO HOME RUN (Flyball, 7LD), Distance : 350 ft | Batting: RHB Ed Fuhrman | 0-0: SINGLE (Line Drive, 6MD) | Batting: RHB Armando García | 0-0: Foul Ball, location: 2F 0-1: Called Strike 0-2: SINGLE (Line Drive, 56) Ed Fuhrman to second | Batting: RHB Rubén Ramírez | 0-0: Called Strike 0-1: 3-RUN HOME RUN (Line Drive, 9LD), Distance : 358 ft | Batting: RHB Carlos Carrillo | 0-0: Ground out 3-1 (Groundball, 34S) | Batting: LHB Jonathan Belisle | 0-0: Ball 1-0: Swinging Strike 1-1: Ball 2-1: Called Strike 2-2: Ball 3-2: Foul Ball, location: 2F 3-2: Foul Ball, location: 2F 3-2: Strikes out looking | Batting: RHB Cameron Irwin | 0-0: Ball 1-0: Foul Ball, location: 2F 1-1: Called Strike 1-2: Ball 2-2: Ball 3-2: Foul Ball, location: 2F 3-2: Base on Balls | Batting: RHB Pedro Rivera | 0-0: SINGLE (Line Drive, 78S) Cameron Irwin to second | Batting: RHB Chris Hall | 0-0: Called Strike 0-1: Swinging Strike 0-2: Fly out, F7 (Flyball, 7S) | Bottom of the 2nd over - 4 runs, 5 hits, 0 errors, 2 left on base; Nashua 0 - Beaverton 4 | TOP OF THE 3RD |
---|
Nashua Redlegs batting - Pitching for Beaverton Bronze Souls : RHP Ben Hepworth | Batting: RHB Kyle Mann | 0-0: Swinging Strike 0-1: Ball 1-1: Swinging Strike 1-2: Ball 2-2: Strikes out swinging | Batting: RHB Manuel Pérez | 0-0: Called Strike 0-1: Swinging Strike 0-2: Ground out 4-3 (Groundball, 4MD) | Batting: RHB Spencer Pritchett | 0-0: SINGLE (Groundball, 56D) | Batting: RHB Eleuterio Supardo | 0-0: Ball 1-0: DOUBLE (Flyball, 78D) Spencer Pritchett to third Runner from 3rd tries for Home, SAFE, no throw | Batting: LHB Bob Campbell | 0-0: Ball 1-0: Called Strike 1-1: Single, Error in OF, E9, batter to second base Eleuterio Supardo scores | Batting: RHB Katsuhito Ohayashi | 0-0: SINGLE (Line Drive, 5) Bob Campbell to third Runner from 3rd tries for Home, SAFE, throw made home | Batting: RHB Gerald Miller | 0-0: Ball 1-0: SINGLE (Line Drive, 8LS) Katsuhito Ohayashi to second | Batting: RHB David Adams | 0-0: Ball 1-0: Swinging Strike 1-1: SINGLE (Groundball, 56D) Katsuhito Ohayashi to third Gerald Miller to second Runner from 3rd tries for Home, SAFE, throw made home | Batting: RHB Jorge Valenzuela | 0-0: Ball 1-0: Ball 2-0: Ball 3-0: Base on Balls Gerald Miller to third David Adams to second | Batting: RHB Kyle Mann | 0-0: Fly out, F6 (Line Drive, 6M) | Top of the 3rd over - 4 runs, 6 hits, 1 error, 3 left on base; Nashua 4 - Beaverton 4 | BOTTOM OF THE 3RD |
---|
Beaverton Bronze Souls batting - Pitching for Nashua Redlegs : LHP Keith Burns | Batting: RHB Júlio Rodríguez | 0-0: Called Strike 0-1: Ball 1-1: Swinging Strike 1-2: Ball 2-2: Foul Ball, location: 2F 2-2: Fly out, F8 (Flyball, 8LM) | Batting: RHB Ed Fuhrman | 0-0: DOUBLE (Groundball, 5L) | Batting: RHB Armando García | 0-0: Swinging Strike 0-1: Ball 1-1: Ball 2-1: Ground out 4-3 (Groundball, 4M) Ed Fuhrman to third | Batting: RHB Rubén Ramírez | 0-0: Ball 1-0: Called Strike 1-1: Ball 2-1: Called Strike 2-2: Ground out 5-3 (Groundball, 56) | Bottom of the 3rd over - 0 runs, 1 hit, 0 errors, 1 left on base; Nashua 4 - Beaverton 4 | TOP OF THE 4TH |
---|
Nashua Redlegs batting - Pitching for Beaverton Bronze Souls : RHP Ben Hepworth | Batting: RHB Manuel Pérez | 0-0: Ball 1-0: Swinging Strike 1-1: Called Strike 1-2: Fly out, F7 (Flyball, 7LMF) | Batting: RHB Spencer Pritchett | 0-0: Called Strike 0-1: Ball 1-1: SINGLE (Groundball, 56) (infield hit) | Batting: RHB Eleuterio Supardo | 0-0: Foul Ball, location: 2F 0-1: Called Strike 0-2: Ball 1-2: Ball 2-2: Fly out, F9 (Flyball, 9) | Batting: LHB Bob Campbell | 0-0: Ground out 1-3 (Groundball, 15S) | Top of the 4th over - 0 runs, 1 hit, 0 errors, 1 left on base; Nashua 4 - Beaverton 4 | BOTTOM OF THE 4TH |
---|
Beaverton Bronze Souls batting - Pitching for Nashua Redlegs : LHP Keith Burns | Batting: RHB Carlos Carrillo | 0-0: Ball 1-0: Ball 2-0: Called Strike 2-1: Ball 3-1: Fly out, F8 (Flyball, 8LD) | Batting: LHB Jonathan Belisle | 0-0: Called Strike 0-1: Ball 1-1: Ball 2-1: Ball 3-1: Foul Ball, location: 2F 3-2: Foul Ball, location: 2F 3-2: Fly out, F3 (Line Drive, 34S) | Batting: RHB Cameron Irwin | 0-0: Called Strike 0-1: Swinging Strike 0-2: Strikes out swinging | Bottom of the 4th over - 0 runs, 0 hits, 0 errors, 0 left on base; Nashua 4 - Beaverton 4 | TOP OF THE 5TH |
---|
Nashua Redlegs batting - Pitching for Beaverton Bronze Souls : RHP Ben Hepworth | Batting: RHB Katsuhito Ohayashi | 0-0: Ball 1-0: Foul Ball, location: 2F 1-1: Ball 2-1: Swinging Strike 2-2: Strikes out swinging | Batting: RHB Gerald Miller | 0-0: Fly out, F2 (Popup, 3SF) | Batting: RHB David Adams | 0-0: Ball 1-0: Ball 2-0: Fly out, F8 (Flyball, 8RD) | Top of the 5th over - 0 runs, 0 hits, 0 errors, 0 left on base; Nashua 4 - Beaverton 4 | BOTTOM OF THE 5TH |
---|
Beaverton Bronze Souls batting - Pitching for Nashua Redlegs : LHP Keith Burns | Batting: RHB Pedro Rivera | 0-0: Ball 1-0: SINGLE (Groundball, 6) (infield hit) | Batting: RHB Chris Hall | 0-0: Ball Pedro Rivera is caught stealing 2nd base 1-0: Ground out 6-3 (Groundball, 6) | Batting: RHB Júlio Rodríguez | 0-0: Called Strike 0-1: Foul Ball, location: 2F 0-2: Foul Ball, location: 2F 0-2: Ball 1-2: Ball 2-2: Foul Ball, location: 2F 2-2: SINGLE (Groundball, 56S) (infield hit) | Batting: RHB Ed Fuhrman | 0-0: Called Strike 0-1: Foul Ball, location: 2F 0-2: SINGLE (Groundball, 4MD) Júlio Rodríguez to second Runner from 2nd tries for 3rd, OUT! | Bottom of the 5th over - 0 runs, 3 hits, 0 errors, 1 left on base; Nashua 4 - Beaverton 4 | TOP OF THE 6TH |
---|
Nashua Redlegs batting - Pitching for Beaverton Bronze Souls : RHP Ben Hepworth | Batting: RHB Jorge Valenzuela | 0-0: Called Strike 0-1: DOUBLE (Line Drive, 78D) | Batting: RHB Kyle Mann | 0-0: Ball 1-0: Ball 2-0: Ball 3-0: Called Strike 3-1: Swinging Strike 3-2: SINGLE (Flyball, 89S) Jorge Valenzuela to third | Batting: RHB Manuel Pérez | 0-0: Foul Ball, location: 2F 0-1: Ball 1-1: Ball 2-1: Foul Ball, location: 2F 2-2: Fly out, F7 (Flyball, 7LS) Runner from 3rd tags up, SCORES, throw made | Pitching: RHP Roberto Carbaja | | Batting: RHB Spencer Pritchett | 0-0: Called Strike Kyle Mann steals 2nd base 0-1: Ground out 6-3 (Groundball, 6) | Batting: RHB Eleuterio Supardo | 0-0: Called Strike 0-1: Ball 1-1: Foul Ball, location: 2F 1-2: Ball 2-2: Ball 3-2: Foul Ball, location: 2F 3-2: Base on Balls | Batting: LHB Bob Campbell | 0-0: Ball 1-0: Foul Ball, location: 2F 1-1: Called Strike 1-2: Strikes out looking | Top of the 6th over - 1 run, 2 hits, 0 errors, 2 left on base; Nashua 5 - Beaverton 4 | BOTTOM OF THE 6TH |
---|
Beaverton Bronze Souls batting - Pitching for Nashua Redlegs : LHP Keith Burns | Batting: RHB Armando García | 0-0: Ball 1-0: SOLO HOME RUN (Line Drive, 78XD), Distance : 414 ft | Batting: RHB Rubén Ramírez | 0-0: SINGLE (Line Drive, 4MD) | Pitching: RHP Raúl Vallejo | | Batting: RHB Carlos Carrillo | 0-0: Ball 1-0: Ball Wild Pitch! Rubén Ramírez to second 2-0: Foul Ball, location: 2F 2-1: Called Strike 2-2: Strikes out swinging | Batting: LHB Jonathan Belisle | 0-0: Called Strike Rubén Ramírez steals 3rd base 0-1: Swinging Strike 0-2: Ball 1-2: SINGLE (Groundball, 34D) Rubén Ramírez scores | Batting: RHB Cameron Irwin | 0-0: Ball 1-0: Ball 2-0: Called Strike 2-1: Grounds into double play, 5-4-3 (Groundball, 5) | Bottom of the 6th over - 2 runs, 3 hits, 0 errors, 0 left on base; Nashua 5 - Beaverton 6 | TOP OF THE 7TH |
---|
Nashua Redlegs batting - Pitching for Beaverton Bronze Souls : RHP Esteve Gabirra | Pitching: RHP Esteve Gabirra | | Batting: RHB Katsuhito Ohayashi | 0-0: SOLO HOME RUN (Flyball, 7LD), Distance : 348 ft | Batting: RHB Gerald Miller | 0-0: Ball 1-0: Called Strike 1-1: Called Strike 1-2: Foul Ball, location: 2F 1-2: Ball 2-2: Foul Ball, location: 2F 2-2: Foul Ball, location: 2F 2-2: Strikes out looking | Batting: RHB David Adams | 0-0: Ball 1-0: Called Strike 1-1: Ball 2-1: Foul Ball, location: 2F 2-2: Foul Ball, location: 2F 2-2: Fly out, F8 (Flyball, 8RD) | Pinch Hitting: RHB José Méndez | 0-0: Swinging Strike 0-1: Ball 1-1: Fly out, F9 (Flyball, 9LS) | Top of the 7th over - 1 run, 1 hit, 0 errors, 0 left on base; Nashua 6 - Beaverton 6 | BOTTOM OF THE 7TH |
---|
Beaverton Bronze Souls batting - Pitching for Nashua Redlegs : RHP Raúl Vallejo | Now at 2B: Jason Patrick | | Pinch Hitting: LHB Balduíno Bruschy | 0-0: Ball 1-0: Ball 2-0: Ball 3-0: Called Strike 3-1: Base on Balls | Batting: RHB Chris Hall | 0-0: Called Strike 0-1: Foul Ball, location: 2F 0-2: Foul Ball, location: 2F 0-2: Ball 1-2: Ball 2-2: DOUBLE (Line Drive, 7LS) Balduíno Bruschy to third | Batting: RHB Júlio Rodríguez | 0-0: Intentional Walk | Batting: RHB Ed Fuhrman | 0-0: Foul Ball, location: 2F 0-1: Ball 1-1: Ball 2-1: Ball 3-1: Foul Ball, location: 2F 3-2: SINGLE (Groundball, 56D) Balduíno Bruschy scores Chris Hall to third Júlio Rodríguez to second Runner from 3rd tries for Home, throw and OUT! | Pinch Hitting: LHB Juan Palácios | 0-0: Called Strike 0-1: Ball 1-1: Ball 2-1: Ball 3-1: Base on Balls Júlio Rodríguez to third Ed Fuhrman to second | Pinch Hitting: LHB Rodrigo Pérez | 0-0: Called Strike 0-1: Grounds into double play, 4-2-3 (Groundball, 4) | Bottom of the 7th over - 1 run, 2 hits, 0 errors, 2 left on base; Nashua 6 - Beaverton 7 | TOP OF THE 8TH |
---|
Nashua Redlegs batting - Pitching for Beaverton Bronze Souls : RHP Esteve Gabirra | Now at 3B: Ed Nygaard | | Now at SS: David Kerr | | Now in CF: Rodrigo Pérez | | Batting: RHB Kyle Mann | 0-0: Ball 1-0: Ball 2-0: Ball 3-0: Base on Balls | Pitching: LHP Lorenzo Guzmán | | Batting: RHB Manuel Pérez | 0-0: Ball 1-0: Called Strike 1-1: Fly out, F7 (Flyball, 7LD) | Batting: RHB Spencer Pritchett | 0-0: Ball 1-0: Called Strike 1-1: Called Strike 1-2: Strikes out swinging | Batting: RHB Eleuterio Supardo | 0-0: Foul Ball, location: 2F 0-1: Swinging Strike 0-2: Ball 1-2: Strikes out swinging | Top of the 8th over - 0 runs, 0 hits, 0 errors, 1 left on base; Nashua 6 - Beaverton 7 | BOTTOM OF THE 8TH |
---|
Beaverton Bronze Souls batting - Pitching for Nashua Redlegs : RHP Raúl Vallejo | Batting: RHB Carlos Carrillo | 0-0: Ground out 5-3 (Groundball, 5) | Batting: LHB Jonathan Belisle | 0-0: Ball 1-0: Called Strike 1-1: Foul Ball, location: 2F 1-2: Ball 2-2: Strikes out swinging | Batting: RHB Cameron Irwin | 0-0: Called Strike 0-1: Ball 1-1: Ball 2-1: Ball 3-1: SOLO HOME RUN (Line Drive, 78XD), Distance : 392 ft | Batting: RHB David Kerr | 0-0: Ball 1-0: Ground out 3-1 (Groundball, 34) | Bottom of the 8th over - 1 run, 1 hit, 0 errors, 0 left on base; Nashua 6 - Beaverton 8 | TOP OF THE 9TH |
---|
Nashua Redlegs batting - Pitching for Beaverton Bronze Souls : LHP Lorenzo Guzmán | Pitching: LHP Gabriel Rodríguez | | Batting: LHB Bob Campbell | 0-0: Ball 1-0: SINGLE (Groundball, 34D) | Batting: RHB Katsuhito Ohayashi | 0-0: Ball 1-0: Swinging Strike 1-1: Ball 2-1: Ball 3-1: Foul Ball, location: 2F 3-2: Strikes out swinging | Batting: RHB Gerald Miller | 0-0: Ball 1-0: Ball 2-0: Ground out 3-1 (Groundball, 34S) Bob Campbell to second | Pinch Hitting: RHB Currito Campos | 0-0: Ball 1-0: Ball 2-0: Foul Ball, location: 2F 2-1: Ball 3-1: Swinging Strike 3-2: Foul Ball, location: 2F 3-2: Base on Balls | Pinch Hitting: RHB Dave Warren | 0-0: Swinging Strike 0-1: Foul Ball, location: 2F 0-2: Ball 1-2: Foul Ball, location: 2F 1-2: Ball 2-2: Ball 3-2: Ground out 6-3 (Groundball, 6) | Top of the 9th over - 0 runs, 1 hit, 0 errors, 2 left on base; Nashua 6 - Beaverton 8 | |